 Dungeon Crawl Stone Soup version 0.28-a0-872-g80cf8599ee (webtiles) character file.

Game seed: 265028629568726429

529 Zonian the Chiller (level 7, -2/48 HPs)
             Began as a Demonspawn Ice Elementalist on Nov 20, 2021.
             Succumbed to an orc wizard's poison
             ... on level 4 of the Dungeon on Nov 21, 2021.
             The game lasted 00:15:46 (7493 turns).

Zonian the Chiller (Demonspawn Ice Elementalist)    Turns: 7493, Time: 00:15:47

Health: -2/48      AC:  3    Str: 10    XL:     7   Next: 3%
Magic:  13/13      EV: 12    Int: 17    God:
Gold:   187        SH:  0    Dex: 13    Spells: 7/14 levels left

rFire   . . .      SeeInvis .     - Unarmed
rCold   . . .      Faith    .   (no shield)
rNeg    . . .      Spirit   +   a - +0 robe
rPois   .          Reflect  .   (no helmet)
rElec   .          Harm     .   (no cloak)
rCorr   .          Rampage  .   (no gloves)
Will    .....                   (no boots)
Stlth   ++........              f - amulet of guardian spirit
HPRegen 0.16/turn               (no ring)
MPRegen 0.13/turn               (no ring)

@: brilliant, lethally poisoned (-2 -> -25)
A: claws 1, powered by death 1, powered by pain 2, sharp scales 1
a: no special abilities


You were on level 4 of the Dungeon.
You visited 1 branch of the dungeon, and saw 4 of its levels.

You collected 187 gold pieces.

Inventory:

Hand Weapons
 e - a +1 dagger of freezing
Missiles
 c - 2 curare-tipped darts
 g - 15 sling bullets
 h - 2 boomerangs
Armour
 a - a +0 robe (worn)
Jewellery
 f - an amulet of guardian spirit (around neck)
Wands
 l - a wand of mindburst (17)
Scrolls
 m - a scroll of blinking
 n - a scroll of magic mapping {unknown}
Potions
 d - a potion of heal wounds {unknown}
 i - a potion of mutation
 j - a potion of degeneration


   Skills:
 + Level 1.1 Fighting
 + Level 2.7 Dodging
 + Level 2.6 Stealth
 + Level 2.4 Unarmed Combat
 + Level 4.1 Spellcasting
 + Level 5.3 Ice Magic


You had 7 spell levels left.
You knew the following spells:

 Your Spells              Type           Power      Damage    Failure   Level
a - Freeze                Ice            100%       1d11      1%          1
b - Frozen Ramparts       Ice            64%        1d8       5%          3
c - Ozocubu's Armour      Ice            32%        N/A       5%          3

Your spell library contained the following spells:

 Spells                   Type           Power      Damage    Failure   Level
 Summon Small Mammal      Summ           20%        N/A       16%         1
 Call Canine Familiar     Summ           5%         N/A       43%         3
 Summon Guardian Golem    Hex/Summ       5%         N/A       43%         3
 Hailstorm                Conj/Ice       18%        3d6       45%         4


Dungeon Overview and Level Annotations

Branches:
Dungeon (4/15)
 Temple: D:4-7

Altars:
Qazlal

Annotations:
D:2 Terence


Innate Abilities, Weirdness & Mutations

You have sharp fingernails.
You regenerate a little health from kills.
You sometimes gain power by taking damage.
You are partially covered in razor-sharp scales. (AC +1, Slay +1)


Message History

Confirm with . or Enter, or press ? or * to list all spells.
Aiming: Freeze (safe; 1% risk of failure)
Press: ? - help, Shift-Dir - straight line, f/p - orc wizard
Aim: an orc wizard, wielding a +1 dagger of venom and wearing a +0 robe (heavily wounded)
You freeze the orc wizard.
The orc wizard is severely wounded.
You feel very sick. The orc wizard closely misses you.
Casting: Freeze (safe; 1% risk of failure)
Confirm with . or Enter, or press ? or * to list all spells.
Aiming: Freeze (safe; 1% risk of failure)
Press: ? - help, Shift-Dir - straight line, f/p - orc wizard
Aim: an orc wizard, wielding a +1 dagger of venom and wearing a +0 robe (severely wounded)
You freeze the orc wizard.
The orc wizard is almost dead.
You feel very sick.
The orc wizard hits you with a +1 dagger of venom.
You are lethally poisoned!
The orc hits you with a +0 whip.
Casting: Freeze (safe; 1% risk of failure)
Confirm with . or Enter, or press ? or * to list all spells.
Aiming: Freeze (safe; 1% risk of failure)
Press: ? - help, Shift-Dir - straight line, f/p - orc wizard
Aim: an orc wizard, wielding a +1 dagger of venom and wearing a +0 robe (almost dead)
You freeze the orc wizard.
The orc wizard is almost dead.
* * * LOW HITPOINT WARNING * * *
You feel very sick.
The orc wizard hits you with a +1 dagger of venom.
* * * LOW HITPOINT WARNING * * *
You are more poisoned.
The orc hits you with a +0 whip.
* * * LOW HITPOINT WARNING * * *
It was a potion of brilliance.
You feel clever all of a sudden.
* * * LOW HITPOINT WARNING * * *
You feel very sick. The orc wizard barely misses you.
The orc hits you but does no damage.
It was a potion of magic.
Magic courses through your body.
You die...

...........##(......##
.........>...........#
.....................#
#......†##......#..##
......#.††....####ll.#
........###...o# ##.PP
......#...###.....#
..P #....
#.oo.........# ll
####.. #.@#.....#..##
l
......####)##...##.##
P ........##.##....###
..#._.#.##..†.>..#
...........##.o....
..........##.......
.#.##......#.......
##.......# ..... ..
##.......##......


You could see an orc wizard and an orc.

Vanquished Creatures
  A necrophage (D:3)
  An ogre (D:4)
  3 orc priests
  An iguana (D:4)
  An orc wizard (D:4)
  2 adders
  4 gnolls
  An ufetubus (D:4)
  A worm (D:4)
  3 dart slugs
  17 orcs
  5 ball pythons
  6 endoplasms
  3 giant cockroaches (D:3)
  10 goblins
  17 hobgoblins
  2 jackals (D:2)
  7 quokkas
  8 bats
  15 frilled lizards
  5 kobolds
  5 rats
118 creatures vanquished.

Vanquished Creatures (collateral kills)
  A howler monkey skeleton (D:4)
1 creature vanquished.

Vanquished Creatures (others)
  8 plants (D:4)
8 creatures vanquished.

Grand Total: 127 creatures vanquished

Notes
Turn   | Place    | Note
-------+----------+-------------------------------------------
     0 | D:1      | Zonian the Demonspawn Ice Elementalist began the quest for
                  | the Orb.
     0 | D:1      | Reached XP level 1. HP: 13/13 MP: 3/3
   547 | D:1      | Reached skill level 4 in Ice Magic
   547 | D:1      | Gained mutation: You have sharp fingernails. [demonic
                  | ancestry]
   547 | D:1      | Reached XP level 2. HP: 19/19 MP: 1/5
  1731 | D:2      | Gained mutation: You sometimes gain a little power by
                  | taking damage. [demonic ancestry]
  1731 | D:2      | Reached XP level 3. HP: 11/24 MP: 3/6
  1750 | D:2      | Noticed Terence
  2191 | D:2      | Gained mutation: You are partially covered in razor-sharp
                  | scales. (AC +1, Slay +1) [demonic ancestry]
  2191 | D:2      | Reached XP level 4. HP: 11/30 MP: 0/7
  2582 | D:2      | Reached skill level 1 in Unarmed Combat
  4860 | D:3      | Found a faded altar of an unknown god.
  4899 | D:3      | Gained mutation: You regenerate a little health from kills.
                  | [demonic ancestry]
  4899 | D:3      | Reached XP level 5. HP: 29/36 MP: 5/9
  5491 | D:3      | Learned a level 3 spell: Frozen Ramparts
  5495 | D:3      | Learned a level 3 spell: Ozocubu's Armour
  6055 | D:4      | Noticed an ogre
  6072 | D:4      | Killed an ogre
  6073 | D:4      | Reached skill level 1 in Fighting
  6073 | D:4      | Reached XP level 6. HP: 43/43 MP: 9/11
  6159 | D:4      | Reached skill level 5 in Ice Magic
  7356 | D:4      | Found a stormy altar of Qazlal.
  7371 | D:4      | Gained mutation: You sometimes gain power by taking damage.
                  | [demonic ancestry]
  7371 | D:4      | Reached XP level 7. HP: 38/48 MP: 10/13
  7493 | D:4      | Succumbed to an orc wizard's poison

Illustrated notes

Levels and vault maps discovered:
D:1:      dpeg_arrival_tiny_a, layout_basic
D:2:      minmay_chambers_of_twos, layout_loops_ring, cheibrodos_gnoll_hut,
          uniq_terence
D:3:      cheibrodos_greedy_goblins, layout_basic, gup_sewer_entry_bowl,
          chequers_ecumenical_altar_twisty, serial_co_window_serial,
          co_window_of_opportunity_a, co_window_corner_a, co_window_corner_a,
          co_window_of_opportunity_a, co_window_paths_a, co_window_paths_a,
          co_window_of_opportunity_a, co_window_corner_a, co_window_corner_a,
          co_window_cross_4, co_window_unsneaky_path_c, co_window_paths_c,
          co_window_of_opportunity_b, glass_columns_c, glass_columns_a,
          glass_columns_a, hex_tiny, st_stairs_10
D:4:      layout_cave_pools, mainiacjoe_overflow_tiny_flanked,
          minmay_lizard_king

Skill      XL: |  1  2  3  4  5  6 |
---------------+-------------------+-----
Ice Magic      | 4 5 |  5.3
Dodging        | 2 |  2.7
Stealth        | 2 |  2.6
Unarmed Combat | 1 2 |  2.4
Spellcasting   | 3 4 |  4.1
Fighting       | 1 |  1.1

Action                   |  1- 3 |  4- 6 |  7- 9 || total
-------------------------+-------+-------+-------++-------
Melee: Unarmed           |    61 |   118 |    23 ||   202
       Punch             |       |     2 |       ||     2
 Cast: Freeze            |    33 |    90 |     5 ||   128
  Use: Scroll            |       |     8 |       ||     8
       Potion            |       |       |     2 ||     2
 Stab: Sleeping          |     3 |     5 |     1 ||     9
Armor: Robe              |    14 |    38 |     6 ||    58
Dodge: Dodged            |    61 |   131 |    15 ||   207

Table legend: (Time is in decaauts)
 A = Elapsed time spent in this place.
 B = Non-inter-level travel time spent in this place.
 C = Inter-level travel time spent in this place.
 D = Time resting spent in this place.
 E = Time spent auto-exploring this place.
 F = Levels seen in this place.
 G = Mean time per level.
                   A        B        C        D        E       F      G
               +--------+--------+--------+--------+--------+-----+--------+
         Total |   7503 |   7298 |    205 |   3419 |   2093 |   4 | 1875.8 |
       Dungeon |   7503 |   7298 |    205 |   3419 |   2093 |   4 | 1875.8 |
               +--------+--------+--------+--------+--------+-----+--------+

Top non-repeatable levels by time:
     D:3: 2533 daAuts
     D:2: 2310 daAuts
     D:1: 1947 daAuts
     D:4: 712 daAuts
